 Dungeon Crawl Stone Soup version 0.31-a0-161-gb58dd9be76 (webtiles) character file.

Game seed: 9343839074174409956

38 qw the Shooter (level 3, 0/22 HPs)
             Began as a Gargoyle Hunter on June 12, 2023.
             Slain by a phantom (3 damage)
             ... on level 2 of the Dungeon.
             The game lasted 00:00:24 (645 turns).

qw the Shooter (Gargoyle Hunter)                     Turns: 645, Time: 00:00:24

Health: 0/22       AC:  6    Str: 14    XL:     3   Next: 43%
Magic:  3/3        EV: 11    Int:  9    God:
Gold:   56         SH:  0    Dex: 15    Spells: 2/2 levels left

rFire   . . .        Y - +0 shortbow
rCold   . . .        (shield currently unavailable)
rNeg    + . .        c - +0 leather armour
rPois   inf          (no helmet)
rElec   +            (no cloak)
rCorr   .            (no gloves)
SInv    .            (no boots)
Will    .....        (no amulet)
Stlth   ++           (no ring)
HPRegen 0.23/turn    (no ring)
MPRegen 0.08/turn

%: no passive effects
@: no status effects
A: sickness immunity, AC +3, negative energy resistance 1, electricity
resistance, torment resistance 1, petrification resistance
a: no special abilities


You were on level 2 of the Dungeon.
You visited 1 branch of the dungeon, and saw 2 of its levels.

You collected 56 gold pieces.


Innate Abilities, Weirdness & Mutations

You are immune to sickness and miasma.
Your stone body is resilient. (AC +3)
You are immune to poison.
You resist negative energy. (rN+)
You are resistant to electric shocks. (rElec)
You are resistant to unholy torment.
You are immune to petrification.


   Skills:
 + Level 2.6 Fighting
 - Level 5.0 Ranged Weapons
 - Level 1.5 Dodging
 - Level 1.1 Stealth


You had 2 spell levels left.
You didn't know any spells.
Your spell library was empty.

Inventory:

Hand Weapons
 Y - a +0 shortbow (weapon)
Armour
 a - a +0 ring mail
 c - a +0 leather armour (worn)
Potions
 g - a potion of degeneration {unknown}
 h - a potion of mutation {unknown}

Dungeon Overview and Level Annotations

Branches:
Dungeon (2/15)

Altars:


Message History

You shoot an arrow.
The arrow hits the phantom but does no damage.
The phantom is moderately damaged.
The phantom barely misses you.
You shoot an arrow. The arrow hits the phantom.
The phantom is moderately damaged.
The phantom hits you.
The phantom blinks!
You blink.
You shoot an arrow. The arrow closely misses the phantom.
The phantom hits you but does no damage.
You shoot an arrow.
The arrow hits the phantom but does no damage.
The phantom is moderately damaged.
The phantom hits you. The phantom barely misses you.
You shoot an arrow. The arrow hits the phantom.
The phantom is heavily damaged.
The phantom hits you but does no damage.
You shoot an arrow. The arrow barely misses the phantom.
The phantom hits you but does no damage.
You shoot an arrow. The arrow misses the phantom.
The phantom completely misses you.
You shoot an arrow. The arrow hits the phantom!
The phantom is severely damaged.
The phantom barely misses you.
You shoot an arrow. The arrow hits the phantom.
The phantom is almost destroyed.
The phantom closely misses you.
The phantom hits you but does no damage.
You shoot an arrow. The arrow closely misses the phantom.
The phantom completely misses you.
You shoot an arrow. The arrow closely misses the phantom.
The phantom hits you.
The phantom blinks!
You blink.
You shoot an arrow. The arrow closely misses the phantom.
The phantom hits you.
The phantom blinks!
You blink.
You shoot an arrow. The arrow barely misses the phantom.
The phantom barely misses you.
You shoot an arrow. The arrow closely misses the phantom.
The phantom hits you but does no damage.
You shoot an arrow. The arrow closely misses the phantom.
The phantom hits you.
You die...

+######......#
#~~~~~#......# #
#~....#......#.#
#~....#....(...#
#~....###%..####
######'.^.###
#.##....###
#....W).#
###.@...#
#.....# #.....#
#.....# #.
##.~...### ..
#..~.....# .#
#.~~#.##.# ..
#~~##.##.#.##
#.~##.##....#


You could see a phantom.

Vanquished Creatures
  2 endoplasms (D:1)
  2 giant cockroaches (D:1)
  5 goblins
  3 hobgoblins (D:1)
  4 jackals (D:1)
  2 kobolds (D:1)
  A quokka (D:1)
  6 ball pythons
  4 bats (D:1)
  A frilled lizard (D:1)
  2 rats (D:1)
32 creatures vanquished.

Notes
Turn   | Place    | Note
-------+----------+-------------------------------------------
     0 | D:1      | qw the Gargoyle Hunter began the quest for the Orb.
     0 | D:1      | Reached XP level 1. HP: 12/12 MP: 1/1
     0 | D:1      | 0 ||| qw: Version: 0.2-a-29-gc1b59c4
     0 | D:1      | 0 ||| qw: Game counter: 4281
     0 | D:1      | 0 ||| qw: Always use a shield: true
     0 | D:1      | 0 ||| qw: God list: Okawaru
     0 | D:1      | 0 ||| qw: Allow faded altars: false
     0 | D:1      | 0 ||| qw: Do Orc after D:15 true
     0 | D:1      | 0 ||| qw: Do second Lair branch before Depths: true
     0 | D:1      | 0 ||| qw: Lair rune preference: random
     0 | D:1      | 0 ||| qw: Plans: Normal, Zot:1-4, Slime:5, God:TSO, Crypt,
                  | Tomb, Abyss, Pan, Hells, Win
     0 | D:1      | 0 ||| PLANNING D:1-11
   193 | D:1      | Reached XP level 2. HP: 17/17 MP: 2/2
   353 | D:1      | Reached XP level 3. HP: 21/21 MP: 3/3
   364 | D:1      | Reached skill level 5 in Ranged Weapons
   401 | D:1      | 401 ||| FLEEEEING.
   402 | D:1      | 402 ||| FLEEEEING.
   561 | D:1      | 561 ||| READING scroll labelled EHOGEC UWIO.
   562 | D:1      | 562 ||| READING scroll labelled SILAIM LAAKH.
   563 | D:1      | 563 ||| READING scroll labelled GUOHIWKA BESKE.
   566 | D:1      | 566 ||| DROPPING scroll of butterflies.
   621 | D:2      | Noticed a phantom
   642 | D:2      | HP: 2/22 [phantom (5)]
   645 | D:2      | Slain by a phantom

Levels and vault maps discovered:
D:1:      spicycebolla_green_bress_n_ham, layout_basic
D:2:      layout_basic, serial_rivers, chequers_serial_rivers_micro_a,
          chequers_serial_rivers_micro_b, chequers_serial_rivers_room_b,
          chequers_serial_rivers_room_a, chequers_serial_rivers_small_a,
          chequers_serial_rivers_micro_e, serial_shops,
          nicolae_shop_tiny_waterfront, minmay_misc_feat_tiny

Skill      XL: |  1  2  3 |
---------------+----------+-----
Ranged Weapons | 5 |  5.0
Fighting       | |  2.6
Dodging        | |  1.5
Stealth        | |  1.1

Action                     || total
---------------------------++-------
   Fire: Shortbow          ||   118
    Use: Scroll            ||     3
 Armour: Leather armour    ||    44
  Dodge: Dodged            ||    66

Table legend:
 A = Non-vault XP
 B = Vault XP
 C = Vault XP percentage of total XP
 D = Non-vault monster count
 E = Vault monster count
 F = Vault count percentage of total count
                 A         B        C        D         E       F
            +---------+---------+-------+---------+---------+-------
      Total |      55 |       0 |   0.0 |      32 |       0 |   0.0
            +---------+---------+-------+---------+---------+-------
        D:1 |      52 |       0 |   0.0 |      30 |       0 |   0.0
        D:2 |       3 |       0 |   0.0 |       2 |       0 |   0.0
            +---------+---------+-------+---------+---------+-------
